3L
SEATTLE AVIATORS @ KINGSTON TOWNSHIP LEGION
09/14/2023
 
TOP OF THE 1ST
Seattle Aviators batting - Pitching for Kingston Township Legion : RHP Greg White
Pitching: RHP Greg White
Batting: LHB Kenny Webster 0-0: Ground out 6-3 (Groundball, 6)
Batting: RHB Brian Williams 0-0: Swinging Strike
0-1: Ball
1-1: Ball
2-1: Ball
3-1: Base on Balls
Batting: RHB Sean Davis 0-0: Called Strike
0-1: Called Strike
0-2: Strikes out looking
Batting: LHB Jorge Mojica 0-0: Foul Ball, location: 2F
0-1: Fly out, F7 (Flyball, 7D)
Top of the 1st over - 0 run(s), 0 hit(s), 0 error(s), 1 left on base; Seattle 0 - Kingston Township 0
BOTTOM OF THE 1ST
Kingston Township Legion batting - Pitching for Seattle Aviators : RHP Eduardo Molina
Pitching: RHP Eduardo Molina
Batting: LHB Forrest McCooke 0-0: Called Strike
0-1: Bunted foul
0-2: Ball
1-2: Ball
2-2: Ball
3-2: Base on Balls
Batting: RHB Jon Erickson 0-0: Swinging Strike
0-1: Ball
1-1: Called Strike
1-2: Foul Ball, location: 2F
1-2: Ball
2-2: Fielders Choice at 2nd, 6-4 (Groundball, 6M)
Batting: RHB Layton Templeman 0-0: Ball
1-0: Called Strike
1-1: Ball
2-1: Ball
3-1: Base on Balls
Jon Erickson to second
Batting: LHB Clay Rush 0-0: Called Strike
0-1: Called Strike
0-2: Ball
1-2: Ball
2-2: Ground out U3 (Groundball, 3S)
Jon Erickson to third
Layton Templeman to second
Batting: RHB Pedro Mendoza 0-0: Called Strike
0-1: Foul Ball, location: 2F
0-2: Foul Ball, location: 2F
0-2: Ball
1-2: Ball
2-2: Foul Ball, location: 2F
2-2: Strikes out looking
Bottom of the 1st over - 0 run(s), 0 hit(s), 0 error(s), 2 left on base; Seattle 0 - Kingston Township 0
TOP OF THE 2ND
Seattle Aviators batting - Pitching for Kingston Township Legion : RHP Greg White
Now in LF: Ben Daniel
Batting: RHB Tanyu Kimura 0-0: Ball
1-0: Foul Ball, location: 2F
1-1: Ball
2-1: Called Strike
2-2: Ball
3-2: Foul Ball, location: 2F
3-2: Foul Ball, location: 2F
3-2: Base on Balls
Batting: RHB Kenzaburo Hori 0-0: Swinging Strike
0-1: Ball
1-1: Called Strike
1-2: Strikes out swinging
Batting: RHB Vernon Caw 0-0: Foul Ball, location: 2F
0-1: Foul Ball, location: 2F
0-2: DOUBLE (Line Drive, 7LD)
Tanyu Kimura to third
Batting: RHB Jay Parker 0-0: Ball
1-0: Ball
2-0: Ball
3-0: Called Strike
3-1: Base on Balls
Batting: RHB Clarence Fox 0-0: Called Strike
0-1: Fly out, F4 (Line Drive, 4M)
Batting: LHB Kenny Webster 0-0: Ground out 4-3 (Groundball, 4)
Top of the 2nd over - 0 run(s), 1 hit(s), 0 error(s), 3 left on base; Seattle 0 - Kingston Township 0
BOTTOM OF THE 2ND
Kingston Township Legion batting - Pitching for Seattle Aviators : RHP Eduardo Molina
Batting: RHB Pete Knight 0-0: Ball
1-0: Foul Ball, location: 2F
1-1: Foul Ball, location: 2F
1-2: Foul Ball, location: 2F
1-2: Ball
2-2: Ground out 4-3 (Groundball, 4)
Batting: RHB Nectanebos Dolenian 0-0: Ball
1-0: Called Strike
1-1: Ball
2-1: Called Strike
2-2: Strikes out swinging
Batting: LHB Martín Núñes 0-0: Called Strike
0-1: Foul Ball, location: 2F
0-2: Ball
1-2: DOUBLE (Flyball, 9D)
Batting: RHB Jack O'Brien 0-0: Called Strike
0-1: Ground out 6-3 (Groundball, 6M)
Bottom of the 2nd over - 0 run(s), 1 hit(s), 0 error(s), 1 left on base; Seattle 0 - Kingston Township 0
TOP OF THE 3RD
Seattle Aviators batting - Pitching for Kingston Township Legion : RHP Greg White
Batting: RHB Brian Williams 0-0: Swinging Strike
0-1: Called Strike
0-2: Strikes out swinging
Batting: RHB Sean Davis 0-0: Ball
1-0: Fly out, F4 (Popup, 89S)
Batting: LHB Jorge Mojica 0-0: SINGLE (Line Drive, 4D)
Batting: RHB Tanyu Kimura 0-0: Foul Ball, location: 2F
0-1: Ground out 2-3 (Groundball, 2L)
Top of the 3rd over - 0 run(s), 1 hit(s), 0 error(s), 1 left on base; Seattle 0 - Kingston Township 0
BOTTOM OF THE 3RD
Kingston Township Legion batting - Pitching for Seattle Aviators : RHP Eduardo Molina
Batting: LHB Forrest McCooke 0-0: Ball
1-0: Called Strike
1-1: Ball
2-1: DOUBLE (Line Drive, 5D)
Batting: RHB Jon Erickson 0-0: Ball
1-0: Ball
2-0: Swinging Strike
2-1: Called Strike
2-2: Strikes out swinging
Batting: RHB Layton Templeman 0-0: Ball
1-0: Called Strike
1-1: Ground out 5-3 (Groundball, 5)
Batting: LHB Clay Rush 0-0: Called Strike
0-1: Called Strike
0-2: Ball
1-2: Ball
2-2: Strikes out looking
Bottom of the 3rd over - 0 run(s), 1 hit(s), 0 error(s), 1 left on base; Seattle 0 - Kingston Township 0
TOP OF THE 4TH
Seattle Aviators batting - Pitching for Kingston Township Legion : RHP Greg White
Batting: RHB Kenzaburo Hori 0-0: Ball
1-0: Foul Ball, location: 2F
1-1: Called Strike
1-2: Ball
2-2: Strikes out swinging
Batting: RHB Vernon Caw 0-0: Ball
1-0: Called Strike
1-1: Ground out 6-3 (Groundball, 6)
Batting: RHB Jay Parker 0-0: Called Strike
0-1: Called Strike
0-2: Strikes out swinging
Top of the 4th over - 0 run(s), 0 hit(s), 0 error(s), 0 left on base; Seattle 0 - Kingston Township 0
BOTTOM OF THE 4TH
Kingston Township Legion batting - Pitching for Seattle Aviators : RHP Eduardo Molina
Batting: RHB Ben Daniel 0-0: Ball
1-0: Fly out, F9 (Flyball, 9M)
Batting: RHB Pete Knight 0-0: Ball
1-0: Ball
2-0: SOLO HOME RUN (Flyball, 7LD), Distance : 373 ft
Batting: RHB Nectanebos Dolenian 0-0: Fly out, F5 (Line Drive, 5)
Batting: LHB Martín Núñes 0-0: Ground out U3 (Groundball, 3)
Bottom of the 4th over - 1 run(s), 1 hit(s), 0 error(s), 0 left on base; Seattle 0 - Kingston Township 1
TOP OF THE 5TH
Seattle Aviators batting - Pitching for Kingston Township Legion : RHP Greg White
Batting: RHB Clarence Fox 0-0: Called Strike
0-1: Ball
1-1: Ball
2-1: Foul Ball, location: 2F
2-2: Ball
3-2: Foul Ball, location: 2F
3-2: Ground out 5-3 (Groundball, 56)
Batting: LHB Kenny Webster 0-0: Ball
1-0: Ground out U3 (Groundball, 3)
Batting: RHB Brian Williams 0-0: Foul Ball, location: 2F
0-1: Ball
1-1: Swinging Strike
1-2: Foul Ball, location: 2F
1-2: Ball
2-2: Ball
3-2: Fly out, F8 (Flyball, 89D)
Top of the 5th over - 0 run(s), 0 hit(s), 0 error(s), 0 left on base; Seattle 0 - Kingston Township 1
BOTTOM OF THE 5TH
Kingston Township Legion batting - Pitching for Seattle Aviators : RHP Eduardo Molina
Batting: RHB Jack O'Brien 0-0: Called Strike
0-1: Foul Ball, location: 2F
0-2: Ball
1-2: Strikes out swinging
Batting: LHB Forrest McCooke 0-0: Called Strike
0-1: Called Strike
0-2: Ball
1-2: Ball
2-2: Strikes out looking
Batting: RHB Jon Erickson 0-0: Foul Ball, location: 2F
0-1: Ground out 1-3 (Groundball, 15)
Bottom of the 5th over - 0 run(s), 0 hit(s), 0 error(s), 0 left on base; Seattle 0 - Kingston Township 1
TOP OF THE 6TH
Seattle Aviators batting - Pitching for Kingston Township Legion : RHP Greg White
Batting: RHB Sean Davis 0-0: Foul Ball, location: 2F
0-1: Foul Ball, location: 2F
0-2: Fly out, F3 (Popup, 3S)
Batting: LHB Jorge Mojica 0-0: Called Strike
0-1: Ball
1-1: Foul Ball, location: 2F
1-2: Foul Ball, location: 2F
1-2: Foul Ball, location: 2F
1-2: Ground out 6-3 (Groundball, 6MS)
Batting: RHB Tanyu Kimura 0-0: Called Strike
0-1: Ball
1-1: Foul Ball, location: 2F
1-2: Strikes out swinging
Top of the 6th over - 0 run(s), 0 hit(s), 0 error(s), 0 left on base; Seattle 0 - Kingston Township 1
BOTTOM OF THE 6TH
Kingston Township Legion batting - Pitching for Seattle Aviators : RHP Eduardo Molina
Batting: RHB Layton Templeman 0-0: Ball
1-0: Ball
2-0: Ball
3-0: Base on Balls
Batting: LHB Clay Rush 0-0: Ball
1-0: Ground out U3 (Groundball, 3S)
Layton Templeman to second
Batting: RHB Ben Daniel 0-0: Foul Ball, location: 2F
0-1: Foul Ball, location: 2F
0-2: Ground out 4-3 (Groundball, 4)
Layton Templeman to third
Batting: RHB Pete Knight 0-0: Called Strike
0-1: Foul Ball, location: 2F
0-2: Ball
1-2: Strikes out swinging
Bottom of the 6th over - 0 run(s), 0 hit(s), 0 error(s), 1 left on base; Seattle 0 - Kingston Township 1
TOP OF THE 7TH
Seattle Aviators batting - Pitching for Kingston Township Legion : RHP Greg White
Batting: RHB Kenzaburo Hori 0-0: Ball
1-0: Ball
2-0: Ball
3-0: Called Strike
3-1: Called Strike
3-2: Ground out 1-3 (Groundball, 13)
Batting: RHB Vernon Caw 0-0: Ball
1-0: Foul Ball, location: 2F
1-1: Foul Ball, location: 2F
1-2: Ball
2-2: Strikes out looking
Batting: RHB Jay Parker 0-0: Ball
1-0: SOLO HOME RUN (Flyball, 7D), Distance : 423 ft
Batting: RHB Clarence Fox 0-0: Foul Ball, location: 2F
0-1: Called Strike
0-2: Strikes out swinging
Top of the 7th over - 1 run(s), 1 hit(s), 0 error(s), 0 left on base; Seattle 1 - Kingston Township 1
BOTTOM OF THE 7TH
Kingston Township Legion batting - Pitching for Seattle Aviators : RHP Eduardo Molina
Batting: RHB Nectanebos Dolenian 0-0: Called Strike
0-1: Called Strike
0-2: Ball
1-2: Strikes out swinging
Batting: LHB Martín Núñes 0-0: Ball
1-0: Called Strike
1-1: Foul Ball, location: 2F
1-2: Fly out, F6 (Flyball, 7LS)
Batting: RHB Jack O'Brien 0-0: Fly out, F3 (Popup, 34)
Bottom of the 7th over - 0 run(s), 0 hit(s), 0 error(s), 0 left on base; Seattle 1 - Kingston Township 1
TOP OF THE 8TH
Seattle Aviators batting - Pitching for Kingston Township Legion : RHP Greg White
Batting: LHB Kenny Webster 0-0: Ball
1-0: Ball
2-0: Ball
3-0: Called Strike
3-1: Base on Balls
Batting: RHB Brian Williams 0-0: SINGLE (Flyball, 8LM)
Kenny Webster to second
Pinch Runner at 2nd Tynan Hawkins:
Batting: RHB Sean Davis 0-0: Ball
1-0: Called Strike
1-1: Foul Ball, location: 2F
1-2: Strikes out swinging
Pitching: RHP Albert Días
Batting: LHB Jorge Mojica 0-0: Called Strike
0-1: Foul Ball, location: 2F
0-2: Foul Ball, location: 2F
0-2: Ball
1-2: DOUBLE (Line Drive, 89XD)
Tynan Hawkins scores
Brian Williams to third
Runner from 3rd tries for Home, SAFE, throw made home
Batting: RHB Tanyu Kimura 0-0: Intentional Walk
Batting: RHB Kenzaburo Hori 0-0: Ball
1-0: Foul Ball, location: 2F
1-1: Ball
2-1: Called Strike
2-2: Ball
3-2: Foul Ball, location: 2F
3-2: SINGLE (Line Drive, 4MD)
Jorge Mojica to third
Tanyu Kimura to second
Runner from 3rd tries for Home, throw and OUT!
Tanyu Kimura to third
Kenzaburo Hori to second
Batting: RHB Vernon Caw 0-0: Intentional Walk
Batting: RHB Jay Parker 0-0: Ball
1-0: Fly out, F9 (Flyball, 89S)
Top of the 8th over - 2 run(s), 3 hit(s), 0 error(s), 3 left on base; Seattle 3 - Kingston Township 1
BOTTOM OF THE 8TH
Kingston Township Legion batting - Pitching for Seattle Aviators : RHP Eduardo Molina
Now in LF: Tynan Hawkins
Batting: LHB Forrest McCooke 0-0: Ball
1-0: Called Strike
1-1: Foul Ball, location: 2F
1-2: Strikes out swinging
Batting: RHB Jon Erickson 0-0: Called Strike
0-1: Ball
1-1: Ball
2-1: Called Strike
2-2: Ground out 4-3 (Groundball, 4)
Batting: RHB Layton Templeman 0-0: Called Strike
0-1: Ball
1-1: Foul Ball, location: 2F
1-2: Fly out, F6 (Popup, 6M)
Bottom of the 8th over - 0 run(s), 0 hit(s), 0 error(s), 0 left on base; Seattle 3 - Kingston Township 1
TOP OF THE 9TH
Seattle Aviators batting - Pitching for Kingston Township Legion : RHP Albert Días
Batting: RHB Clarence Fox 0-0: Called Strike
0-1: Ball
1-1: Foul Ball, location: 2F
1-2: Foul Ball, location: 2F
1-2: Reaches on Catchers interference
Batting: RHB Tynan Hawkins 0-0: Sac Bunt - play at first, batter safe!
Clarence Fox to second
Pitching: RHP Bruce Hamilton
Batting: RHB Brian Williams 0-0: Called Strike
0-1: Called Strike
0-2: Ball
1-2: Strikes out looking
Batting: RHB Sean Davis 0-0: Foul Ball, location: 2F
0-1: Swinging Strike
0-2: Ball
1-2: Ball
2-2: Ball
3-2: Hit by Pitch
Clarence Fox to third
Tynan Hawkins to second
Batting: LHB Jorge Mojica 0-0: Grounds into double play, 1-2-3 (Groundball, 13S)
Top of the 9th over - 0 run(s), 1 hit(s), 1 error(s), 2 left on base; Seattle 3 - Kingston Township 1
BOTTOM OF THE 9TH
Kingston Township Legion batting - Pitching for Seattle Aviators : RHP Eduardo Molina
Batting: LHB Clay Rush 0-0: Ground out 4-3 (Groundball, 4M)
Batting: RHB Ben Daniel 0-0: Ball
1-0: Called Strike
1-1: Ball
2-1: Foul Ball, location: 2F
2-2: Foul Ball, location: 2F
2-2: Foul Ball, location: 2F
2-2: Ground out 6-3 (Groundball, 6M)
Pitching: RHP Ken Hinkle
Batting: RHB Pete Knight 0-0: Ball
1-0: Swinging Strike
1-1: Foul Ball, location: 2F
1-2: Fly out, F4 (Popup, 3)
Bottom of the 9th over - 0 run(s), 0 hit(s), 0 error(s), 0 left on base; Seattle 3 - Kingston Township 1
This league is powered by Out of the Park Baseball, the baseball management simulation game for PC, Mac and Linux
Friday, July 8th, 2016 - OOTP Baseball 16.9 Build 39